 Dungeon Crawl Stone Soup version 0.20.1-1-g8b1a95d (webtiles) character file.

560208 vatarom the Ruinous (level 25, -2/181 HPs)
             Began as a White Draconian Conjurer on Sept 14, 2017.
             Was the Champion of Vehumet.
             Shot with a bolt by a yaktaur captain (16 damage)
             ... on level 5 of the Vaults on Sept 15, 2017.
             The game lasted 05:28:39 (100080 turns).

vatarom the Ruinous (White Draconian Conjurer)    Turns: 100080, Time: 05:28:41

Health: -2/181     AC: 20    Str: 10    XL:     25   Next: 82%
Magic:  47/47      EV: 21    Int: 34    God:    Vehumet [******]
Gold:   2563       SH:  0    Dex: 22    Spells: 5/65 levels left

rFire    + + .     SeeInvis .   O - staff of air
rCold    + . .     Gourm    .   k - +3 buckler {rPois}
rNeg     + . .     Faith    .   (armour unavailable)
rPois    +         Spirit   .   p - +2 hat
rElec    +         Reflect  +   s - +2 cloak {MR+}
rCorr    .         Harm     .   A - +0 pair of gloves "Obruilae" {rElec rPois Str-2 Dex+4} (curse)
MR       ++...                  H - +1 pair of boots {run}
Stlth    +.........             I - amulet "Afreac" {Reflect Int+3 Dex+3 SH+5}
Regen    0.4/turn               J - ring of Trog's Benevolence {rF++ rN+}
MPRegen  0.3/turn               o - +6 ring of intelligence

@: confused, drained, quick
A: breathe frost, unfitting armour, stinger 1, clever 1, cold resistance 1,
frail 1, cold-blooded, AC +12
}: 2/15 runes: decaying, serpentine
a: Breathe Frost, Renounce Religion


You were on level 5 of the Vaults.
You worshipped Vehumet.
Vehumet was exalted by your worship.
You were not hungry.

You visited 9 branches of the dungeon, and saw 44 of its levels.
You visited the Abyss 5 times.
You also visited: Bailey.

You collected 5591 gold pieces.
You spent 3028 gold pieces at shops.

Inventory:

Hand Weapons
 i - the +8 bardiche "Irui" {speed, *Slow +Blink rN++ Stlth+}
   (You found it on level 4 of the Depths)

   Attacks with this weapon are significantly faster.
   It greatly protects you from negative energy.
   It lets you blink.
   It may slow you when you take damage.
   It makes you more stealthy.
 X - the +8 spear of Xaakegommo {pain, *Corrode rF+ rC+ Int+6}
   (You found it on level 1 of the Swamp)

   In the hands of one skilled in necromantic magic, it inflicts extra damage on
   living creatures.
   It affects your intelligence (+6).
   It protects you from fire.
   It protects you from cold.
   It may corrode you when you take damage.
Armour
 k - a +3 buckler of poison resistance (worn)
 p - a +2 hat (worn)
 s - a +2 cloak of magic resistance (worn)
 A - the cursed +0 pair of gloves "Obruilae" (worn) {rElec rPois Str-2 Dex+4}
   (You found it on level 1 of the Elven Halls)

   It affects your strength (-2).
   It affects your dexterity (+4).
   It insulates you from electricity.
   It protects you from poison.
   It has a curse placed upon it.
 H - a +1 pair of boots of running (worn)
Magical Staves
 m - an uncursed staff of power
 O - an uncursed staff of air (weapon)
Jewellery
 o - a +6 ring of intelligence (right hand)
 I - the amulet "Afreac" (around neck) {Reflect Int+3 Dex+3 SH+5}
   (You found it on level 6 of the Dungeon)

   [amulet of reflection]

   It shields you and reflects attacks.
   It affects your intelligence (+3).
   It affects your dexterity (+3).
   It affects your SH (+5).
 J - the ring of Trog's Benevolence (left hand) {rF++ rN+}
   (You bought it in a shop on level 2 of the Depths)

   [ring of positive energy]

   It greatly protects you from fire.
   It protects you from negative energy.
 Y - an uncursed ring of magical power
Wands
 f - a wand of lightning (0/15)
 y - a wand of acid (3/15)
 E - a wand of clouds (1/9)
 M - a wand of clouds (0/9)
 P - a wand of iceblast (3/15)
 W - a wand of disintegration (0/24)
Scrolls
 a - a scroll of holy word
 c - 8 scrolls of magic mapping
 e - 2 scrolls of amnesia
 h - 28 scrolls of remove curse
 q - 9 scrolls of identify
 v - 3 scrolls of recharging
 z - a scroll of enchant armour
 D - 5 scrolls of enchant weapon
 F - 2 scrolls of silence
 G - a scroll of fear
 L - 6 scrolls of fog
 Q - 2 scrolls of vulnerability
Potions
 b - a potion of invisibility
 g - 8 potions of curing
 l - a potion of cancellation
 r - 4 potions of brilliance
 t - 4 potions of ambrosia
 u - 3 potions of resistance
 C - 6 potions of flight
 K - 4 potions of haste
 S - 3 potions of berserk rage
Books
 Z - a book of Alchemy

   Spells                             Type                      Level
   a - Sublimation of Blood           Necromancy                   2
   b - Ignite Poison                  Fire/Transmutation/Poison    3
   c - Petrify                        Transmutation/Earth          4
   d - Alistair's Intoxication        Transmutation/Poison         5
   e - Irradiate                      Conjuration/Transmutation    5
Miscellaneous
 T - a lamp of fire
 V - 3 phantom mirrors
Comestibles
 w - 7 fruits
 x - 9 royal jellies
 R - 7 meat rations


   Skills:
 - Level 11.9(10.5) Fighting
 - Level 7.3(6.1) Polearms
 - Level 10.8(9.5) Dodging
 - Level 2.1(1.0) Stealth
 - Level 4.3(3.2) Shields
 - Level 20.5(18.9) Spellcasting
 - Level 22.5(20.8) Conjurations
 - Level 2.0(0.9) Translocations
 - Level 21.6(19.9) Ice Magic
 * Level 19.8(18.1) Air Magic
 - Level 10.0(8.6) Evocations


You had 5 spell levels left.
You knew the following spells:

 Your Spells              Type           Power        Failure   Level  Hunger
a - Magic Dart            Conj           ####         0%          1    None
b - Throw Icicle          Conj/Ice       ########     0%          4    None
c - Bolt of Cold          Conj/Ice       ########..   1%          6    None
d - Force Lance           Conj/Tloc      #######.     1%          4    None
e - Iskenderun's Mystic   Conj           ########     0%          4    None
f - Olgreb's Toxic Radia  Pois           ####....     3%          4    None
g - Mephitic Cloud        Conj/Pois/Air  ########     0%          3    None
h - Dazzling Spray        Conj/Hex       ######       1%          3    None
i - Searing Ray           Conj           ######       0%          2    None
j - Blink                 Tloc           N/A          1%          2    None
k - Regeneration          Chrm/Necr      ####......   3%          3    None
l - Freezing Cloud        Conj/Ice/Air   ########..   1%          6    None
m - Apportation           Tloc           #####.       1%          1    None
n - Chain Lightning       Conj/Air       ########..   1%          8    #####..
o - Tornado               Air            ########..   13%         9    ######.


Dungeon Overview and Level Annotations

Branches:
Dungeon (15/15)            Temple (1/1) D:5            Lair (6/6) D:9
  Swamp (4/4) Lair:3        Snake (4/4) Lair:2        Slime (0/5) Lair:6
    Orc (2/2) D:12            Elf (2/3) Orc:2        Vaults (5/5) D:14
  Crypt (0/3) Vaults:3     Depths (5/5) D:15            Zot (0/5) Depths:5

Altars:
Ashenzari
Cheibriados
Dithmenos
Elyvilon
Fedhas
Gozag
Hepliaklqana
Kikubaaqudgha
Makhleb
Nemelex Xobeh
Okawaru
Qazlal
Ru
Sif Muna
Trog
Uskayaw
Vehumet
Xom
Yredelemnul
Zin
The Shining One

Shops:
D:7 }   D:15 *   Orc:2 ?%*%   Snake:1 *   Vaults:3 [   Vaults:4 !
Depths:2 }=}   Depths:4 }   Depths:5 !

Portals:
Hell: Depths:1 Depths:2 Depths:3 Depths:4 Depths:5
Abyss: Depths:2 Depths:4 Depths:5
Pandemonium: Depths:2 Depths:3 Depths:4
Ziggurat: Depths:4


Innate Abilities, Weirdness & Mutations

You can breathe waves of freezing cold.
You can buffet flying creatures when you breathe cold.
Your icy white scales are hard. (AC +12)
You cannot fit into any form of body armour.
Your flesh is cold resistant. (rC+)
You are cold-blooded and may be slowed by cold attacks.
Your tail ends in a poisonous barb.
Your mind is acute. (Int +2)
You are frail. (-10% HP)


Message History

The small abomination seems to grow stronger.
You feel better. You block the vault warden's attack.
You feel better. You block the vault warden's attack.
The ironbrand convoker points at the large abomination and mumbles some strange words.
The large abomination seems to grow stronger.
An ogre mage comes into view. It is wielding a club.
You are confused.
You feel invigorated.
The vault warden hits you with a war axe of holy wrath.
Unknown command.
The spark wasp changes into something you cannot see!
The vault warden hits you with a war axe of holy wrath!!
* * * LOW HITPOINT WARNING * * *
You hear two shouts!
A crawling corpse comes into view.
Unknown command.
The vault warden hits you with a war axe of holy wrath!!
* * * LOW HITPOINT WARNING * * *
The yaktaur captain shoots a bolt.
The bolt hits you!
You die...

####################........####
.................D..[[[[.x......
...............SCu†.C[[<<.......
...........$....u.uXu[xO[<......
...p...p.......uu.(.xCXux.......
####################.xDp(...###
.# ..........c#xxe.....# #.#
..........#.##.)..##+ #
........@#p###....# .#
........#p## #)..)# ..#
.......#.## #..).# .p.#
......#.## #.)..# .... .....#.#
#o...# ... #...#.# #....# ######
#....# #....# #.(..#


You could see a vault warden and a yaktaur captain.

Vanquished Creatures
  Mara (Swamp:4)
  An ancient lich (Abyss:1)
  A juggernaut (Depths:3)
  Bai Suzhen (Swamp:4)
  Margery (Depths:5)
  3 caustic shrikes (Depths:5)
  5 golden dragons
  Jory (Depths:5)
  2 bone dragons
  5 tentacled monstrosities
  4 liches
  5 titans
  A quicksilver dragon (Depths:3)
  17 tentacled starspawn
  11 sphinxes
  Agnes (Elf:1)
  Kirke (Lair:5)
  Gastronok (Lair:3)
  7 tengu reavers
  8 thorn hunters
  3 storm dragons
  A draconian monk (Depths:5)
  9 nagarajas
  4 fire giants
  8 frost giants
  Louise (Swamp:4)
  5 deep elf sorcerers
  11 vault wardens
  An iron dragon (Depths:4)
  Aizul (Snake:3)
  A ghoul (Vaults:1)
  2 draconian shifters (Depths:5)
  A reaper (Abyss:1)
  2 spriggan defenders
  14 ironheart preservers
  10 stone giants
  27 very ugly things
  2 entropy weavers
  3 vampire knights
  A red draconian (Depths:5)
  A lorocyproca (Abyss:1)
  2 black draconians
  A deep elf annihilator (Elf:1)
  A green draconian (Depths:5)
  3 spark wasps (Depths:5)
  A purple draconian (Abyss:1)
  A yellow draconian (Depths:5)
  A crystal guardian (Abyss:1)
  12 ettins
  A deep elf death mage (Vaults:4)
  2 death oozes (Swamp:4)
  A merfolk javelineer (Depths:4)
  A blizzard demon (Abyss:3)
  3 jiangshi (Depths:3)
  3 green deaths
  7 yaktaur captains
  12 fire dragons
  A deep elf high priest (Depths:3)
  8 great orbs of eyes
  The ghost of vatarom the Envoy of Void, a journeyman DrAK of Lugonu (D:10)
  Harold (Lair:3)
  21 naga warriors
  30 vault guards
  A hydra (shapeshifter) (Vaults:4)
  7 spriggan air magi
  A hell beast (Swamp:4)
  7 rakshasas
  10 ice dragons
  13 centaur warriors
  13 anacondas
  21 hydras
  57 two-headed ogres
  A death knight (Vaults:1)
  A queen ant (Lair:3)
  8 death yaks (Lair:6)
  20 ogre magi
  4 catoblepae
  3 vampire magi
  10 alligators
  8 deep troll earth magi
  9 deep troll shamans
  8 tengu warriors
  6 thrashing horrors
  13 dancing weapons
  10 shock serpents
  14 naga sharpshooters
  2 orc high priests
  3 spriggan berserkers
  13 hell knights
  2 soul eaters
  A storm dragon zombie (Depths:1)
  3 hell hogs (Abyss:2)
  The ghost of Quirk the Carver, a novice VSFi of Makhleb (D:9)
  22 deep elf knights
  2 iron trolls
  A fire crab (shapeshifter) (Vaults:3)
  A sixfirhy (Abyss:1)
  3 salamander mystics
  5 wretched stars
  25 deep trolls
  A skeletal warrior (D:14)
  A death drake (shapeshifter) (Depths:3)
  A shadow wraith (Vaults:4)
  8 starcursed masses
  4 flayed ghosts
  3 unseen horrors (Vaults:1)
  A spriggan druid (Swamp:3)
  5 wizards
  15 ironbrand convokers
  14 deep elf archers
  9 swamp dragons
  5 shambling mangroves
  13 orc knights
  6 glowing orange brains
  7 phantasmal warriors
  A harpy (shapeshifter) (Elf:1)
  7 harpies
  2 shadow dragon zombies
  A lindwurm (Lair:6)
  11 naga ritualists
  6 necromancers
  A shining eye (Abyss:1)
  4 orc sorcerers
  90 ugly things
  5 wolf spiders
  67 deep elf magi
  8 mana vipers
  19 salamanders
  An elephant (shapeshifter) (Depths:4)
  2 worldbinders
  13 manticores
  11 cyclopes
  20 vault sentinels
  41 black mambas
  A rust devil (Depths:4)
  Maurice (D:9)
  2 black mambas (shapeshifter)
  A fire giant skeleton (Vaults:4)
  10 elephants
  4 guardian serpents
  27 naga magi
  A torpor snail (Lair:6)
  2 gargoyles
  29 spiny frogs
  6 smoke demons
  3 orange demons (Swamp:4)
  3 rime drakes
  A kobold demonologist (D:12)
  7 freezing wraiths
  An efreet (Abyss:1)
  44 yaktaurs
  A demonic crawler (Abyss:1)
  6 komodo dragons
  4 polar bears
  3 tengu conjurers
  8 ancient zymes
  31 hornets
  14 trolls
  3 meliai (shapeshifter)
  7 tyrant leeches
  15 bog bodies
  A hornet (shapeshifter) (Vaults:3)
  3 trolls (shapeshifter)
  A raiju (shapeshifter) (Vaults:4)
  A sphinx simulacrum (Vaults:3)
  A wind drake (shapeshifter) (Depths:3)
  10 raiju (Abyss:1)
  9 hippogriffs
  28 blink frogs
  70 slime creatures
  2 dream sheep (Lair:6)
  A fire giant simulacrum (Vaults:4)
  2 hippogriffs (shapeshifter)
  A blink frog (shapeshifter) (D:15)
  An iron dragon simulacrum (Depths:1)
  A meliai zombie (D:15)
  A stone giant simulacrum (Vaults:4)
  A slime creature (shapeshifter) (Depths:3)
  16 spriggans
  A redback (shapeshifter) (D:15)
  A redback (Vaults:4)
  4 wraiths
  10 shadows
  A tarantella (Vaults:4)
  15 water elementals
  4 wyverns
  A spriggan (shapeshifter) (Depths:4)
  7 ynoxinuls
  11 air elementals
  51 yaks
  A vampire (D:10)
  4 fire elementals
  A tarantella (shapeshifter) (Vaults:4)
  5 basilisks
  2 hogs (Lair:5)
  4 fire bats
  A hungry ghost (D:13)
  5 golden eyes (Abyss:1)
  A chaos spawn (Abyss:1)
  4 human simulacra
  26 vampire mosquitoes
  24 swamp worms
  5 neqoxecs
  20 large abominations
  Menkaure (D:6)
  56 nagas
  4 wargs
  15 insubstantial wisps
  A spatial vortex (Abyss:2)
  21 soldier ants
  5 hell hounds
  5 acid dragons
  A floating eye (Depths:4)
  10 porcupines
  12 water moccasins
  28 orc warriors
  Duvessa (D:6)
  A hornet zombie (D:14)
  5 sky beasts
  10 swamp drakes
  4 ice beasts
  9 necrophages
  4 black bears
  An eye of draining (shapeshifter) (Vaults:2)
  4 wolves (Lair:2)
  2 eyes of draining
  2 phantoms
  25 centaurs
  51 ogres
  11 boggarts
  12 crocodiles
  6 big kobolds
  2 human zombies (Vaults:4)
  19 bullfrogs
  2 earth elementals
  8 gnoll sergeants (Bailey)
  22 small abominations
  An ogre simulacrum (Vaults:1)
  4 scorpions
  2 wyvern skeletons
  Dowan (D:6)
  25 killer bees
  17 wights
  2 bullfrog zombies (D:7)
  13 crimson imps
  12 centaur zombies
  6 quasits
  A yaktaur simulacrum (Depths:1)
  3 jellies
  Crazy Yiuf (D:2)
  10 orc priests
  10 hounds
  5 bullfrog skeletons
  8 centaur skeletons
  An iron imp (Abyss:1)
  7 gnoll shamans
  Natasha (thrice) (D:4)
  2 iguanas
  30 orc wizards
  25 worker ants
  3 hound skeletons
  A mummy (D:9)
  A howler monkey zombie (D:8)
  A worker ant zombie (D:9)
  50 gnolls
  16 adders
  7 shadow imps
  3 white imps (Abyss:1)
  2 ufetubi (Abyss:1)
  An adder zombie (D:5)
  4 worms
  7 leopard geckos
  80 orcs
  9 giant cockroaches
  6 goblins
  6 hobgoblins
  25 jackals
  19 kobolds
  4 quokkas
  2 ball pythons
  8 bats
  5 frilled lizards
  A jackal skeleton (D:4)
  2 leopard gecko skeletons (D:4)
  A quokka skeleton (D:7)
  5 rats
  9 briar patches (Swamp:3)
  A bush (D:13)
  A butterfly (Lair:1)
  A fungus (D:9)
  15 plants
  11 starspawn tentacles
2481 creatures vanquished.

Vanquished Creatures (collateral kills)
  A golden dragon (Vaults:5)
  A glowing orange brain (shapeshifter) (Vaults:5)
  A harpy (shapeshifter) (Vaults:5)
3 creatures vanquished.

Vanquished Creatures (others)
  7 stone giants
  A yaktaur captain (Depths:1)
  2 centaur warriors
  A deep elf knight (Elf:2)
  An ugly thing (Vaults:4)
  8 yaktaurs
  A tyrant leech (Swamp:4)
  A human (Lair:6)
  A small abomination (Abyss:2)
  An orc warrior (Orc:2)
  A centaur (Vaults:1)
  A quasit (Abyss:1)
  A worker ant (D:9)
  An adder (D:5)
  45 fungi
  A lurking horror (Abyss:3)
  63 plants
  44 starspawn tentacles
181 creatures vanquished.

Grand Total: 2665 creatures vanquished

Notes
Turn   | Place    | Note
-------+----------+-------------------------------------------
     0 | D:1      | vatarom the Draconian Conjurer began the quest for the Orb.
     0 | D:1      | Reached XP level 1. HP: 14/14 MP: 3/3
   594 | D:1      | Reached XP level 2. HP: 20/20 MP: 0/5
   686 | D:1      | Learned a level 2 spell: Searing Ray
  1525 | D:2      | Found a burning altar of Makhleb.
  1525 | D:2      | Noticed a crimson imp
  1561 | D:2      | Killed a crimson imp
  1561 | D:2      | Reached skill level 1 in Fighting
  1561 | D:2      | Reached XP level 3. HP: 8/28 MP: 1/6
  1870 | D:2      | Reached XP level 4. HP: 32/35 MP: 0/8
  2048 | D:2      | Found a shimmering altar of Xom.
  2123 | D:2      | Found a runed door.
  2128 | D:2      | Learned a level 3 spell: Dazzling Spray
  2131 | D:2      | Noticed Crazy Yiuf
  2136 | D:2      | Killed Crazy Yiuf
  2218 | D:2      | Reached skill level 5 in Conjurations
  2225 | D:2      | Found a hazy altar of Hepliaklqana.
  2248 | D:2      | Gained mutation: Your mind is acute. (Int +2) [potion of mutation]
  2248 | D:2      | Gained mutation: Your tail ends in a poisonous barb. [potion of mutation]
  2663 | D:3      | Found a bloodstained altar of Trog.
  2820 | D:3      | Reached XP level 5. HP: 41/41 MP: 6/9
  3461 | D:3      | Reached XP level 6. HP: 50/50 MP: 11/11
  3467 | D:3      | Learned a level 4 spell: Force Lance
  3566 | D:3      | Reached skill level 6 in Conjurations
  4220 | D:3      | Reached skill level 1 in Translocations
  4275 | D:3      | Found an iron altar of Okawaru.
  4277 | D:3      | Found a deep blue altar of Sif Muna.
  4612 | D:3      | Your scales start taking on an icy white colour.
  4612 | D:3      | Reached XP level 7. HP: 37/57 MP: 1/12
  4612 | D:3      | Gained mutation: Your flesh is cold resistant. (rC+) [White Draconian growth]
  5510 | D:4      | Noticed Natasha
  5524 | D:4      | Killed Natasha
  5757 | D:4      | Noticed Natasha
  5761 | D:4      | Killed Natasha
  5761 | D:4      | Reached skill level 7 in Conjurations
  5898 | D:4      | Learned a level 4 spell: Iskenderun's Mystic Blast
  5961 | D:4      | Noticed Natasha
  5965 | D:4      | Killed Natasha
  6198 | D:5      | Entered Level 5 of the Dungeon
  6366 | D:5      | Found a staircase to the Ecumenical Temple.
  6375 | Temple   | Entered the Ecumenical Temple
  6399 | Temple   | Became a worshipper of Vehumet
  6547 | D:5      | Found a shadowy altar of Dithmenos.
  6705 | D:5      | Identified a scroll of acquirement
  7305 | D:6      | Noticed Menkaure
  7308 | D:6      | Noticed Duvessa
  7310 | D:6      | Noticed Dowan
  7310 | D:6      | Killed Menkaure
  7318 | D:6      | Killed Dowan
  7318 | D:6      | Reached XP level 8. HP: 65/67 MP: 1/14
  7322 | D:6      | Killed Duvessa
  7545 | D:6      | Reached skill level 5 in Fighting
  7545 | D:6      | Reached skill level 8 in Conjurations
  7558 | D:6      | Learned a level 2 spell: Ensorcelled Hibernation
  7561 | D:6      | Noticed a manticore
  7580 | D:6      | Killed a manticore
  7580 | D:6      | Reached skill level 5 in Spellcasting
  7933 | D:6      | Reached skill level 9 in Conjurations
  7933 | D:6      | Reached XP level 9. HP: 75/75 MP: 3/17
  8136 | D:6      | Got a scintillating ivory amulet
  8139 | D:6      | Identified the amulet "Afreac" {Reflect Int+3 Dex+3 SH+5} (You found it on level 6 of the Dungeon)
  8166 | D:6      | Found a sparkling altar of Nemelex Xobeh.
  8309 | D:6      | Found an opulent altar of Gozag.
  8640 | D:7      | Learned a level 3 spell: Mephitic Cloud
  8640 | D:7      | Found a sacrificial altar of Ru.
  8673 | D:7      | Found a blossoming altar of Fedhas.
  8693 | D:7      | Found Huhanwih's Gadget Boutique.
  8800 | D:7      | Reached * piety under Vehumet
  8800 | D:7      | Offered knowledge of Flame Tongue by Vehumet.
  9423 | D:8      | Offered knowledge of Shock by Vehumet.
  9436 | D:8      | Reached ** piety under Vehumet
  9658 | D:8      | Reached skill level 10 in Conjurations
 10045 | D:8      | Reached skill level 5 in Ice Magic
 10050 | D:8      | Reached XP level 10. HP: 39/86 MP: 19/20
 10263 | D:8      | Learned a level 3 spell: Conjure Flame
 10554 | D:8      | Found a stormy altar of Qazlal.
 10580 | D:8      | Offered knowledge of Stone Arrow by Vehumet.
 10825 | D:9      | Reached *** piety under Vehumet
 11335 | D:9      | Noticed Quirk's ghost (novice VSFi)
 11359 | D:9      | Killed Quirk's ghost
 11359 | D:9      | Reached skill level 11 in Conjurations
 11366 | D:9      | Noticed Maurice
 12026 | D:9      | Offered knowledge of Olgreb's Toxic Radiance by Vehumet.
 12116 | D:8      | Learned a level 4 spell: Olgreb's Toxic Radiance
 12437 | D:8      | Reached XP level 11. HP: 90/95 MP: 22/22
 12581 | D:9      | Found a snail-covered altar of Cheibriados.
 12679 | D:9      | Found a staircase to the Lair.
 12696 | D:9      | Reached **** piety under Vehumet
 12831 | D:9      | Killed Maurice
 12944 | D:9      | Offered knowledge of Bolt of Draining by Vehumet.
 13086 | D:9      | Noticed a two-headed ogre
 13102 | D:9      | Killed a two-headed ogre
 13103 | D:9      | Reached skill level 12 in Conjurations
 13731 | D:10     | Entered Level 10 of the Dungeon
 13733 | D:10     | Noticed a two-headed ogre
 13927 | D:9      | Killed a two-headed ogre
 14200 | D:10     | Noticed vatarom's ghost (journeyman DrAK)
 14786 | D:9      | Reached ***** piety under Vehumet
 14793 | Lair:1   | Entered Level 1 of the Lair of Beasts
 14899 | Lair:1   | Offered knowledge of Throw Icicle by Vehumet.
 14949 | Lair:1   | Found a dark tunnel.
 15713 | Lair:2   | Reached skill level 10 in Fighting
 15757 | Lair:2   | Reached skill level 13 in Conjurations
 16038 | Lair:2   | Found a staircase to the Snake Pit.
 16412 | Lair:2   | Reached XP level 12. HP: 106/106 MP: 25/25
 16883 | Lair:3   | Found a staircase to the Swamp.
 17348 | Lair:3   | Noticed Harold
 17355 | Lair:3   | Killed Harold
 17858 | Lair:3   | Reached skill level 14 in Conjurations
 18204 | Lair:3   | Noticed a six-headed hydra
 18208 | Lair:3   | Killed a six-headed hydra
 18373 | Lair:3   | Learned a level 4 spell: Throw Icicle
 18390 | Lair:3   | Noticed a queen ant
 18499 | Lair:3   | Killed a queen ant
 18682 | Lair:3   | Noticed a four-headed hydra
 18688 | Lair:3   | Killed a four-headed hydra
 18976 | Lair:3   | Noticed a catoblepas
 18988 | Lair:3   | Killed a catoblepas
 18988 | Lair:3   | Reached skill level 10 in Spellcasting
 19581 | Lair:3   | Noticed Gastronok
 19588 | Lair:3   | Killed Gastronok
 19588 | Lair:3   | Reached XP level 13. HP: 116/116 MP: 4/27
 20209 | Lair:4   | Learned a level 2 spell: Blink
 20690 | Lair:5   | Offered knowledge of Conjure Ball Lightning by Vehumet.
 20895 | Lair:5   | Noticed Kirke
 21581 | Lair:5   | Reached skill level 15 in Conjurations
 22021 | Lair:5   | Reached skill level 10 in Ice Magic
 22133 | Lair:5   | Killed Kirke
 22273 | Lair:6   | Entered Level 6 of the Lair of Beasts
 23181 | Lair:6   | Reached skill level 5 in Dodging
 23710 | Lair:6   | Found a staircase to the Slime Pits.
 23813 | Lair:6   | Reached XP level 14. HP: 124/124 MP: 10/28
 23923 | Lair:6   | Learned a level 3 spell: Regeneration
 25429 | Lair:6   | Reached skill level 16 in Conjurations
 25841 | Lair:1   | Offered knowledge of Bolt of Fire by Vehumet.
 25900 | D:10     | Killed vatarom's ghost
 26749 | D:10     | Got a bloodstained flail
 26750 | D:10     | Identified the +5 flail of Ivvox {antimagic, Int+6 Dex+3} (You found it on level 10 of the Dungeon)
 27306 | D:11     | Found a flagged portal.
 27316 | Bailey   | Entered a bailey
 28190 | D:11     | Found a deep blue altar of Sif Muna.
 29888 | D:12     | Found a staircase to the Orcish Mines.
 30360 | D:13     | Found a burning altar of Makhleb.
 31289 | D:13     | Offered knowledge of Bolt of Cold by Vehumet.
 31301 | D:13     | Learned a level 6 spell: Bolt of Cold
 31503 | D:13     | Found a blossoming altar of Fedhas.
 31831 | D:13     | Reached XP level 15. HP: 129/129 MP: 30/30
 32825 | D:14     | Reached skill level 17 in Conjurations
 33236 | D:14     | Found a gate to the Vaults.
 34692 | D:15     | Entered Level 15 of the Dungeon
 34702 | D:15     | Found a sacrificial altar of Ru.
 35097 | D:15     | Found Ysaqoaku's Assorted Antiques.
 35866 | D:15     | Offered knowledge of Freezing Cloud by Vehumet.
 36638 | D:15     | Found a staircase to the Depths.
 36982 | Swamp:1  | Entered Level 1 of the Swamp
 37367 | Swamp:1  | Noticed a thorn hunter
 38494 | Swamp:1  | Got a smoking spear
 38495 | Swamp:1  | Identified the +8 spear of Xaakegommo {pain, *Corrode rF+ rC+ Int+6} (You found it on level 1 of the Swamp)
 38514 | Swamp:1  | Killed a thorn hunter
 39196 | Swamp:2  | Noticed a thorn hunter
 39201 | Swamp:2  | Killed a thorn hunter
 39201 | Swamp:2  | Reached XP level 16. HP: 131/139 MP: 19/33
 39669 | Swamp:2  | Learned a level 6 spell: Freezing Cloud
 39871 | Swamp:2  | Reached skill level 1 in Polearms
 40042 | Swamp:2  | Offered knowledge of Ozocubu's Refrigeration by Vehumet.
 40282 | Swamp:2  | Reached skill level 1 in Shields
 40789 | Swamp:3  | Noticed a thorn hunter
 40793 | Swamp:3  | Killed a thorn hunter
 40811 | Swamp:3  | Noticed a thorn hunter
 40818 | Swamp:3  | Killed a thorn hunter
 41791 | Swamp:3  | Noticed a thorn hunter
 41797 | Swamp:3  | Killed a thorn hunter
 41797 | Swamp:3  | Reached skill level 5 in Polearms
 41937 | Swamp:3  | Noticed a thorn hunter
 41945 | Swamp:3  | Killed a thorn hunter
 42263 | Swamp:4  | Entered Level 4 of the Swamp
 42336 | Swamp:4  | Noticed Louise
 42341 | Swamp:4  | Killed Louise
 42476 | Swamp:4  | Noticed Bai Suzhen
 42504 | Swamp:4  | Killed Bai Suzhen
 42507 | Swamp:4  | Noticed a thorn hunter
 42788 | Snake:1  | Entered Level 1 of the Snake Pit
 42844 | Snake:1  | Reached skill level 18 in Conjurations
 43724 | Snake:1  | Offered knowledge of Spellforged Servitor by Vehumet.
 43983 | D:12     | Reached XP level 17. HP: 146/146 MP: 26/35
 44009 | Orc:1    | Entered Level 1 of the Orcish Mines
 44174 | Orc:2    | Entered Level 2 of the Orcish Mines
 44308 | Orc:2    | Found a staircase to the Elven Halls.
 44341 | Orc:2    | Found Loiduop's Food Emporium.
 44939 | Orc:2    | Found Ranisopni's Magic Scroll Emporium.
 44941 | Orc:2    | Found Wekhlol's Assorted Antiques.
 45002 | Orc:2    | Found Zirph's Food Shoppe.
 45859 | Elf:1    | Entered Level 1 of the Elven Halls
 45942 | Elf:1    | Got a pair of bloodstained gloves
 45953 | Elf:1    | Identified the cursed +0 pair of gloves "Obruilae" {rElec rPois Str-2 Dex+4} (You found it on level 1 of the Elven Halls)
 46010 | Elf:1    | Reached skill level 1 in Evocations
 46465 | Elf:1    | Reached skill level 15 in Ice Magic
 47038 | Elf:1    | Noticed Agnes
 47268 | Elf:1    | Reached ****** piety under Vehumet
 47318 | Elf:1    | Killed Agnes
 48687 | Elf:2    | Reached skill level 15 in Spellcasting
 48689 | Elf:2    | Offered knowledge of Chain Lightning by Vehumet.
 48689 | Elf:2    | Offered knowledge of Tornado by Vehumet.
 48689 | Elf:2    | Offered knowledge of Ignition by Vehumet.
 49229 | Elf:2    | Found a runed gate.
 49229 | Elf:2    | Found a runed gate.
 49229 | Elf:2    | Found a runed gate.
 49523 | Elf:2    | Reached XP level 18. HP: 144/154 MP: 23/37
 50417 | Snake:1  | Reached skill level 5 in Evocations
 50611 | Snake:1  | Found Lumn's Assorted Antiques.
 50616 | Snake:1  | Bought a pair of runed boots for 217 gold pieces
 50616 | Snake:1  | Bought a pair of glowing boots for 217 gold pieces
 50632 | Snake:1  | Identified a +0 pair of boots of running (You bought it in a shop on level 1 of the Snake Pit)
 52010 | Orc:2    | Bought a scroll of acquirement for 676 gold pieces
 52012 | Orc:2    | Bought a scroll of acquirement for 676 gold pieces
 52022 | Orc:2    | Learned a level 1 spell: Apportation
 52423 | Snake:2  | Got an iridescent trident
 52424 | Snake:2  | Identified the +9 trident "Impslayer" {flame, Str+3 Int+6 Stlth-} (You found it on level 2 of the Snake Pit)
 54745 | Snake:4  | Entered Level 4 of the Snake Pit
 55086 | Snake:4  | Noticed Aizul
 55628 | Snake:4  | Reached skill level 19 in Conjurations
 57078 | Snake:3  | Killed Aizul
 57639 | Snake:4  | Reached XP level 19. HP: 160/160 MP: 23/38
 60001 | Snake:4  | Got a serpentine rune of Zot
 62178 | Swamp:4  | Noticed Mara
 62186 | Swamp:4  | Killed Mara
 62973 | Swamp:4  | Identified Yrizara's Disquisition on Dusty Protection
 63009 | Swamp:4  | Got a decaying rune of Zot
 63650 | Vaults:1 | Entered Level 1 of the Vaults
 63771 | Vaults:1 | Reached XP level 20. HP: 134/167 MP: 17/40
 66559 | Vaults:1 | Reached skill level 10 in Evocations
 67087 | Vaults:1 | Reached skill level 20 in Conjurations
 70339 | Vaults:2 | Reached XP level 21. HP: 171/173 MP: 30/42
 71311 | Vaults:3 | Found Voddemm's Food Shop.
 71833 | Vaults:3 | Found Byxzusof's Armour Boutique.
 73309 | Vaults:3 | Found a staircase to the Crypt.
 74084 | Vaults:4 | Found Qibu's Distillery.
 74927 | Vaults:4 | Reached skill level 10 in Dodging
 76688 | Vaults:4 | Reached XP level 22. HP: 158/181 MP: 39/44
 77249 | Depths:1 | Entered Level 1 of the Depths
 77625 | Depths:1 | Found a gateway to Hell.
 78548 | Depths:1 | Reached skill level 21 in Conjurations
 79950 | Depths:2 | Reached skill level 1 in Air Magic
 80110 | Depths:2 | Noticed a caustic shrike
 80427 | Depths:2 | Found a one-way gate leading to the halls of Pandemonium.
 80716 | Depths:2 | Found a one-way gate to the infinite horrors of the Abyss.
 80722 | Depths:2 | Got a shimmering war axe {venom}
 80723 | Depths:2 | Identified the +4 war axe "Huasaf" {venom, rPois} (You took it off a rakshasa on level 2 of the Depths)
 81937 | Depths:2 | Learned a level 8 spell: Chain Lightning
 81966 | Depths:2 | Found Jifoater's Gadget Shop.
 81967 | Depths:2 | Found Zexzyx's Jewellery Emporium.
 81968 | Depths:2 | Found Yfacleq's Gadget Shop.
 81976 | Depths:2 | Bought the ring of Trog's Benevolence {rF++ rN+} for 890 gold pieces
 82413 | Depths:3 | Reached skill level 5 in Air Magic
 82824 | Depths:3 | Reached XP level 23. HP: 188/188 MP: 8/46
 85573 | Depths:3 | Noticed a juggernaut
 85579 | Depths:3 | Killed a juggernaut
 85579 | Depths:3 | Reached skill level 22 in Conjurations
 86922 | Depths:4 | Got a bloodstained bardiche
 86923 | Depths:4 | Identified the +8 bardiche "Irui" {speed, *Slow +Blink rN++ Stlth+} (You found it on level 4 of the Depths)
 87463 | Depths:4 | Found Sadynuc's Quality Used Wands.
 88148 | Depths:4 | Reached skill level 10 in Air Magic
 89116 | Depths:4 | Reached XP level 24. HP: 195/195 MP: 10/47
 89144 | Depths:4 | Paralysed by a floating eye for 3 turns
 89668 | Depths:4 | Found a gateway to a ziggurat.
 89754 | Depths:4 | Paralysed by a floating eye for 4 turns
 89801 | Depths:4 | Paralysed by a floating eye for 3 turns
 90054 | Depths:5 | Entered Level 5 of the Depths
 90308 | Depths:5 | Found Loyreosym's Distillery.
 90611 | Depths:5 | Noticed Margery
 90617 | Depths:5 | Killed Margery
 90639 | Depths:5 | Noticed Jory
 90665 | Depths:5 | Killed Jory
 92698 | Depths:5 | Found a gate to the Realm of Zot.
 93563 | Depths:5 | Reached skill level 15 in Air Magic
 93989 | Vaults:3 | Bought a royal jelly for 22 gold pieces
 93989 | Vaults:3 | Bought a royal jelly for 22 gold pieces
 93989 | Vaults:3 | Bought a royal jelly for 22 gold pieces
 93989 | Vaults:3 | Bought a bread ration for 55 gold pieces
 93989 | Vaults:3 | Bought a royal jelly for 22 gold pieces
 93989 | Vaults:3 | Bought 4 fruits for 66 gold pieces
 93989 | Vaults:3 | Bought a meat ration for 55 gold pieces
 93989 | Vaults:3 | Bought a meat ration for 55 gold pieces
 93989 | Vaults:3 | Bought 2 fruits for 33 gold pieces
 94291 | Depths:2 | Voluntarily entered the Abyss.
 95013 | Depths:2 | Escaped the Abyss
 95148 | Depths:2 | Voluntarily entered the Abyss.
 95512 | Abyss:1  | Learned a level 9 spell: Tornado
 95548 | Abyss:1  | Reached XP level 25. HP: 174/202 MP: 32/47
 95779 | Depths:2 | Escaped the Abyss
 95924 | Depths:2 | Voluntarily entered the Abyss.
 96077 | Abyss:2  | Found a corrupted altar of Lugonu.
 96753 | Depths:2 | Escaped the Abyss
 97055 | Depths:2 | Voluntarily entered the Abyss.
 97055 | Abyss:1  | Noticed an ancient lich
 97061 | Abyss:1  | Killed an ancient lich
 97393 | Depths:2 | Escaped the Abyss
 97984 | Depths:2 | Voluntarily entered the Abyss.
 98028 | Abyss:1  | Found a corrupted altar of Lugonu.
 98206 | Abyss:1  | Found a corrupted altar of Lugonu.
 98262 | Abyss:1  | Found a corrupted altar of Lugonu.
 98324 | Abyss:1  | Gained mutation: You are frail. (-10% HP) [a shining eye]
 98560 | Abyss:1  | Found a corrupted altar of Lugonu.
 99055 | Abyss:1  | Found a corrupted altar of Lugonu.
 99180 | Depths:2 | Escaped the Abyss
 99837 | Vaults:5 | Entered Level 5 of the Vaults
100067 | Vaults:5 | HP: 7/181 [deep elf high priest/divine providence (8)]
100080 | Vaults:5 | Shot with a bolt by a yaktaur captain

Skill      XL: |  1  2  3  4  5  6  7  8  9 10 11 12 13 14 15 16 17 18 19 20 21 22 23 24 25 |
---------------+----------------------------------------------------------------------------+-----
Stealth        | 2 |  2.1
Fighting       | 1 2 3 4 5 7 8 10 11 | 11.9
Spellcasting   | 3 4 5 6 7 9 10 11 13 14 15 16 17 18 19 20 | 20.5
Conjurations   | 5 6 7 9 10 11 13 14 15 16 17 18 19 20 21 22 | 22.5
Translocations | 1 2 |  2.0
Ice Magic      | 2 5 6 8 11 12 13 14 16 18 19 20 21 | 21.6
Dodging        | 3 5 7 8 10 | 10.8
Polearms       | 6 7 |  7.3
Shields        | 4 |  4.3
Evocations     | 4 7 9 10 | 10.0
Air Magic      | 5 10 16 19 | 19.8

Action                   |  1- 3 |  4- 6 |  7- 9 | 10-12 | 13-15 | 16-18 | 19-21 | 22-24 | 25-27 || total
-------------------------+-------+-------+-------+-------+-------+-------+-------+-------+-------++-------
Melee: Short sword       |    48 |     3 |       |       |       |       |       |       |       ||    51
       Tailslap          |     6 |     7 |     7 |    22 |    12 |     5 |    12 |    16 |    33 ||   120
       Quarterstaff      |       |    50 |   112 |   139 |   101 |       |       |       |       ||   402
       Spear             |       |       |       |       |     1 |    21 |   114 |    86 |   158 ||   380
       Staff             |       |       |       |       |       |     2 |       |     9 |     2 ||    13
 Fire: Hunting sling     |       |    40 |     4 |       |       |       |       |       |       ||    44
 Cast: Magic Dart        |    50 |   125 |   301 |   125 |    96 |    65 |    59 |    25 |    16 ||   862
       Searing Ray       |     1 |     4 |     9 |     5 |       |       |       |       |       ||    19
       Dazzling Spray    |       |     2 |    13 |    20 |     5 |       |     1 |     1 |       ||    42
       Force Lance       |       |       |     7 |   123 |   177 |   149 |   176 |   165 |    21 ||   818
       Iskenderun's Myst |       |       |     9 |   123 |   118 |    13 |    63 |    74 |     5 ||   405
       Mephitic Cloud    |       |       |     6 |       |     5 |       |     1 |       |       ||    12
       Conjure Flame     |       |       |       |    15 |       |       |       |       |       ||    15
       Olgreb's Toxic Ra |       |       |       |    39 |    17 |     1 |       |     1 |       ||    58
       Throw Icicle      |       |       |       |    49 |   540 |   543 |   539 |   410 |   172 ||  2253
       Blink             |       |       |       |       |     4 |     1 |     1 |     3 |       ||     9
       Bolt of Cold      |       |       |       |       |    57 |    45 |    36 |   104 |     6 ||   248
       Freezing Cloud    |       |       |       |       |       |   220 |   287 |   157 |    21 ||   685
       Regeneration      |       |       |       |       |       |       |     2 |       |       ||     2
       Chain Lightning   |       |       |       |       |       |       |       |   144 |    12 ||   156
       Apportation       |       |       |       |       |       |       |       |     2 |       ||     2
       Tornado           |       |       |       |       |       |       |       |       |    20 ||    20
 Abil: Breathe Frost     |       |       |    10 |    15 |    20 |     4 |    21 |    14 |     5 ||    89
Evoke: Wand              |       |       |     9 |     3 |    14 |     1 |    11 |    26 |     6 ||    70
       Lamp of fire      |       |       |       |       |     2 |     2 |     2 |     3 |     1 ||    10
  Use: Scroll            |     3 |     4 |     6 |    10 |    12 |    18 |    10 |    10 |    10 ||    83
       Potion            |       |     4 |     5 |     1 |     3 |     3 |     1 |     3 |    13 ||    33
 Stab: Sleeping          |     1 |     1 |     2 |       |       |       |       |       |       ||     4
       Petrifying        |       |       |     1 |       |       |       |       |       |       ||     1
       Invisible         |       |       |     3 |       |       |       |       |       |       ||     3
       Confused          |       |       |     2 |       |       |       |       |       |       ||     2
       Distracted        |       |       |       |       |     1 |       |     1 |       |     1 ||     3
  Eat: Chunk             |     3 |     7 |     6 |    13 |    27 |    21 |    18 |    31 |       ||   126
       Royal jelly       |       |     1 |       |     1 |       |     1 |     1 |       |     2 ||     6
       Fruit             |       |       |     3 |     5 |    13 |    19 |     3 |     8 |     2 ||    53
       Meat ration       |       |       |     3 |     4 |     5 |       |       |     2 |       ||    14
       Bread ration      |       |       |       |     1 |     3 |     6 |     8 |     6 |     3 ||    27
Armor: Skin              |    17 |    27 |    60 |   110 |    77 |    44 |    77 |   187 |    69 ||   668
Dodge: Dodged            |    30 |    77 |   112 |   170 |   232 |   101 |   164 |   281 |   232 ||  1399
Block: Other             |       |       |    20 |    72 |    74 |     3 |       |       |       ||   169
       Reflection        |       |       |     2 |     7 |     2 |    44 |    64 |    26 |    10 ||   155
       Buckler           |       |       |       |       |       |   104 |   198 |   224 |   216 ||   742
